 Dungeon Crawl Stone Soup version 0.28.0-1-gb440e238dd (webtiles) character file.

Game seed: 8373739582897624401

1092 iguanaiguana the Cudgeller (level 8, 0/59 HPs)
             Began as a Palentonga Warper on Feb 24, 2022.
             Slain by a water moccasin (6 damage)
             ... on level 5 of the Dungeon.
             The game lasted 00:16:54 (6676 turns).

iguanaiguana the Cudgeller (Palentonga Warper)      Turns: 6676, Time: 00:16:55

Health: 0/59       AC: 11    Str: 14    XL:     8   Next: 9%
Magic:  11/11      EV:  9    Int: 17    God:
Gold:   159        SH:  0    Dex:  9    Spells: 3/11 levels left

rFire   . . .      SeeInvis +   c - +1 whip (venom)
rCold   . . .      Faith    .   (no shield)
rNeg    . . .      Spirit   .   b - +0 leather armour
rPois   .          Reflect  .   (no helmet)
rElec   .          Harm     .   (no cloak)
rCorr   .          Rampage  .   (no gloves)
Will    .....                   (no barding)
Stlth   +.........              (no amulet)
HPRegen 0.19/turn               i - ring of flight
MPRegen 0.12/turn               (no ring)

@: lethally poisoned (0 -> -27), flying, curled up
A: large, rugged brown scales 3, see invisible, deformed body, roll 1, armoured
tail, reflexive curl
a: Rolling Charge


You were on level 5 of the Dungeon.
You visited 1 branch of the dungeon, and saw 6 of its levels.

You collected 159 gold pieces.

Inventory:

Hand Weapons
 a - a +0 falchion
 c - a +1 whip of venom (weapon)
 n - a +0 dire flail of protection
Missiles
 d - 5 boomerangs of dispersal (quivered)
 m - 5 curare-tipped darts
 q - 2 boomerangs
Armour
 b - a +0 leather armour (worn)
Jewellery
 i - a ring of flight (left hand)
Wands
 e - a wand of mindburst (13)
Scrolls
 f - 2 scrolls of amnesia
 o - 2 scrolls of identify {@r1}
 p - 2 scrolls of blinking {@r4}
 r - a scroll of noise {unknown}
Potions
 k - 3 potions of attraction


   Skills:
 - Level 2.0 Fighting
 - Level 2.8 Long Blades
 * Level 7.9 Maces & Flails
 - Level 3.0 Throwing
 - Level 0.7 Armour
 - Level 1.5 Dodging
 - Level 2.0 Spellcasting
 - Level 3.9 Translocations


You had 3 spell levels left.
You knew the following spells:

 Your Spells              Type           Power      Damage    Failure   Level
a - Blink                 Tloc           28%        N/A       8%          2
b - Gell's Gravitas       Tloc           14%        N/A       16%         3
c - Teleport Other        Tloc           14%        N/A       16%         3

Your spell library contained the following spells:

 Spells                   Type           Power      Damage    Failure   Level
 Lesser Beckoning         Tloc           14%        N/A       16%         3
 Freeze                   Ice            4%         1d3       24%         1
 Frozen Ramparts          Ice            2%         1d2       58%         3
 Manifold Assault         Tloc           14%        N/A       80%         5
 Hailstorm                Conj/Ice       1%         3d3       94%         4


Dungeon Overview and Level Annotations

Branches:
Dungeon (6/15)
 Temple: D:4-7

Altars:
Makhleb
Okawaru
Yredelemnul

Annotations:
D:4 Menkaure


Innate Abilities, Weirdness & Mutations

You are completely covered in rugged brown scales. (AC +3, +7% HP)
You have supernaturally acute eyesight. (SInv)
Armour fits poorly on your strangely shaped body.
You can roll at nearby foes to attack.
You have a long armoured tail.
You curl defensively after being hit. (AC +7*)


Message History

You hit the water moccasin.
The water moccasin is moderately wounded.
The water moccasin closely misses you.
You hit the water moccasin.
The water moccasin is moderately wounded.
The water moccasin bites you.
You are poisoned.
The water moccasin poisons you!
You closely miss the water moccasin.
The water moccasin is moderately wounded.
You feel sick. The water moccasin barely misses you.
You miss the water moccasin.
The water moccasin is moderately wounded.
You feel sick. The water moccasin closely misses you.
You closely miss the water moccasin.
The water moccasin is moderately wounded.
You feel sick. The water moccasin bites you!
* * * LOW HITPOINT WARNING * * *
You are more poisoned.
The water moccasin poisons you!
You barely miss the water moccasin.
The water moccasin is moderately wounded.
* * * LOW HITPOINT WARNING * * *
You feel very sick. The water moccasin misses you.
It was a potion of flight.
You feel more buoyant.
* * * LOW HITPOINT WARNING * * *
You feel very sick. The water moccasin bites you.
* * * LOW HITPOINT WARNING * * *
You are more poisoned.
The water moccasin poisons you!
The water moccasin bites you but does no damage.
As you read the scroll of summoning, it crumbles to dust.
Wisps of shadow whirl around you...
* * * LOW HITPOINT WARNING * * *
You feel extremely sick. The water moccasin bites you.
You die...

################.##############
###...#.# ###.......#
##.........# ##.....###..#
##....### ##.####### ##...###
#........# ###..)## #S[......#
##....## #S@......# .....##
###......# ....## #..5....#
..### #.......# ### #.[.....# #
#.......# #.......# ##......#
########


You could see a water moccasin (ally target), a friendly adder (summoned) and a
friendly white imp (summoned).

Vanquished Creatures
  Sigmund (D:4)
  An ice beast (D:5)
  An ogre (D:5)
  A necrophage (D:5)
  A centaur (D:6)
  2 bullfrogs (D:6)
  A scorpion (D:5)
  2 jellies
  A hound (D:4)
  2 orc wizards (D:5)
  A howler monkey zombie (D:6)
  6 adders
  A shadow imp (D:4)
  3 worms
  2 dart slugs
  11 orcs
  4 endoplasms
  A giant cockroach (D:3)
  8 goblins
  7 hobgoblins
  2 quokkas
  3 ball pythons
  2 bats (D:3)
  6 frilled lizards
  10 kobolds
  4 rats
  A spectral kobold (D:2)
85 creatures vanquished.

Vanquished Creatures (collateral kills)
  A black bear (D:4)
  An adder (D:2)
2 creatures vanquished.

Grand Total: 87 creatures vanquished

Notes
Turn   | Place    | Note
-------+----------+-------------------------------------------
     0 | D:1      | iguanaiguana the Palentonga Warper began the quest for the
                  | Orb.
     0 | D:1      | Reached XP level 1. HP: 17/17 MP: 3/3
   508 | D:1      | Reached XP level 2. HP: 23/23 MP: 5/5
   511 | D:1      | Learned a level 2 spell: Blink
  1387 | D:2      | HP: 1/23 [poisoned by an adder]
  1391 | D:2      | Reached XP level 3. HP: 2/28 MP: 3/6
  1731 | D:2      | Found a faded altar of an unknown god.
  2146 | D:2      | Reached skill level 1 in Maces & Flails
  2430 | D:3      | Reached XP level 4. HP: 35/35 MP: 7/7
  2561 | D:3      | Reached skill level 2 in Maces & Flails
  3220 | D:4      | Found an iron altar of Okawaru.
  3220 | D:4      | Found a basalt altar of Yredelemnul.
  3248 | D:4      | Reached skill level 1 in Throwing
  3522 | D:5      | Entered Level 5 of the Dungeon
  3555 | D:4      | Reached skill level 3 in Maces & Flails
  3555 | D:4      | Reached XP level 5. HP: 20/40 MP: 8/8
  3863 | D:5      | Noticed a black bear
  3863 | D:5      | Noticed an ogre
  3874 | D:4      | Killed a black bear
  3875 | D:4      | Reached skill level 4 in Maces & Flails
  4003 | D:4      | Noticed Sigmund
  4006 | D:4      | Noticed Menkaure
  4013 | D:4      | Noticed a lemure
  4014 | D:4      | Killed Sigmund
  4015 | D:4      | Reached skill level 5 in Maces & Flails
  4015 | D:4      | Reached XP level 6. HP: 21/47 MP: 9/9
  4573 | D:5      | Gained mutation: You curl defensively after being hit. (AC
                  | +7*) [Palentonga growth]
  4573 | D:5      | Reached XP level 7. HP: 43/50 MP: 10/10
  5128 | D:5      | Reached skill level 6 in Maces & Flails
  5193 | D:5      | Learned a level 3 spell: Gell's Gravitas
  5197 | D:5      | Learned a level 3 spell: Teleport Other
  5798 | D:6      | Reached skill level 7 in Maces & Flails
  6118 | D:6      | Reached XP level 8. HP: 40/59 MP: 11/11
  6281 | D:6      | Found a burning altar of Makhleb.
  6676 | D:5      | Slain by a water moccasin

Illustrated notes

Levels and vault maps discovered:
D:1:      dpeg_arrival_round_b, layout_loops_ring
D:2:      layout_basic, dreamdust_ecumenical_altar_drowned_temple
D:3:      layout_basic, roderic_roman_lattice, grunt_ministairs_12,
          kennysheep_cross_bottleneck
D:4:      layout_loops_ring, chequers_temple_overflow_statue_of_worship,
          uniq_pikel, uniq_menkaure, uniq_sigmund
D:5:      layout_basic, serial_curves, eino_curves_04, eino_curves_01
D:6:      layout_basic, mainiacjoe_overflow_cross_hatched,
          minmay_temple_entry_waves, st_stairs_14, minivault_23,
          kennysheep_generic_room_9, uniq_grinder

Skill      XL: |  1  2  3  4  5  6  7 |
---------------+----------------------+-----
Maces & Flails | 1 3 5 7 |  7.9
Throwing       | 1 2 3 |  3.0
Fighting       | |  2.0
Long Blades    | |  2.8
Armour         | |  0.7
Dodging        | |  1.5
Spellcasting   | |  2.0
Translocations | |  3.9

Action                   |  1- 3 |  4- 6 |  7- 9 || total
-------------------------+-------+-------+-------++-------
Melee: Falchion          |    32 |       |       ||    32
       Whip              |    60 |   100 |    44 ||   204
       Dire flail        |     9 |     6 |    38 ||    53
       Tailslap          |    10 |    17 |    12 ||    39
       Punch             |     1 |     1 |     2 ||     4
Throw: Dart              |       |     1 |     1 ||     2
 Cast: Blink             |     2 |     1 |     2 ||     5
 Abil: Rolling Charge    |    35 |    18 |    17 ||    70
Evoke: Wand              |       |     3 |     3 ||     6
  Use: Scroll            |     7 |     6 |     3 ||    16
       Potion            |     1 |       |     2 ||     3
Armor: Leather armour    |    35 |    37 |    34 ||   106
Dodge: Dodged            |    41 |    48 |    58 ||   147
